 Dungeon Sprint DCSS version 0.29-a0-8-g0446c0dae4 (webtiles) character file.

Game seed: 344099171618515638

14 rocky1 the Chiller (level 2, -1/30 HPs)
             Began as a Draconian Ice Elementalist on Jan 27, 2022.
             Was a Believer of Sif Muna.
             Slain by a flying skull (12 damage)
             ... in the Dungeon (Sprint VII: "The Pits").
             The game lasted 00:04:02 (552 turns).

rocky1 the Chiller (Draconian Ice Elementalist)      Turns: 552, Time: 00:04:02

Health: -1/30      AC:  4    Str: 10    XL:     2   Next: 27%
Magic:  5/5        EV: 12    Int: 15    God:    Sif Muna [**....]
Gold:   0          SH:  0    Dex: 11    Spells: 5/6 levels left

rFire   . . .      SeeInvis .   j - +2 quarterstaff (vorpal)
rCold   . . .      Faith    .   (shield currently unavailable)
rNeg    . . .      Spirit   .   (armour unavailable)
rPois   .          Reflect  .   (helmet restricted)
rElec   .          Harm     .   (no cloak)
rCorr   .          Rampage  .   (no gloves)
Will    .....      NoTele   +   (no boots)
Stlth   ..........              (no amulet)
HPRegen 0.10/turn               (no ring)
MPRegen 0.09/turn               (no ring)

@: berserking, very quick
A: AC +4, unfitting armour, cold-blooded
a: Renounce Religion, Channel Magic


You were in the Dungeon.
You worshipped Sif Muna.
Sif Muna was pleased with you.
You visited 1 branch

Inventory:

Hand Weapons
 j - a +2 vorpal quarterstaff (weapon)
 k - a +4 vorpal flail
Scrolls
 f - a scroll of blinking
 h - 5 scrolls of amnesia
 i - a scroll of summoning
Potions
 a - 6 potions of curing
 b - 6 potions of heal wounds
 c - a potion of haste
 d - 4 potions of magic
 e - 2 potions of berserk rage
 g - 2 potions of invisibility


   Skills:
 + Level 0.0 Fighting
 + Level 2.6 Dodging
 - Level 1.8 Stealth
 + Level 2.9 Spellcasting
 + Level 5.2 Ice Magic


You had 5 spell levels left.
You knew the following spells:

 Your Spells              Type           Power      Damage    Failure   Level
a - Freeze                Ice            68%        1d8       2%          1

Your spell library contained the following spells:

 Spells                   Type           Power      Damage    Failure   Level
 Frozen Ramparts          Ice            34%        1d5       7%          3
 Ozocubu's Armour         Ice            17%        N/A       7%          3
 Hailstorm                Conj/Ice       10%        3d5       56%         4


Dungeon Overview and Level Annotations

Branches:
Dungeon (1/1)

Altars:
Ashenzari
Cheibriados
Dithmenos
Elyvilon
Fedhas
Gozag
Hepliaklqana
Kikubaaqudgha
Makhleb
Nemelex Xobeh
Okawaru
Qazlal
Ru
Sif Muna
Trog
Uskayaw
Vehumet
Wu Jian
Xom
Yredelemnul
Zin
The Shining One
Beogh
Jiyva
Lugonu


Innate Abilities, Weirdness & Mutations

Your plain brown scales are hard. (AC +4)
You cannot fit into any form of body armour.
You are cold-blooded and may be slowed by cold attacks.


Message History

a +0 whip; 4 stones
There is an open door here.
Items here: ) [ ††.
There is an open door here.
There is an open door here.
You're too inexperienced to learn that spell!
You open the door.
There is an open door here.
You start resting.
HP restored.
You open the door.
A bullfrog and a black bear come into view.
There is an open door here.
There is an open door here.
The black bear growls angrily.
You hear a howl!
A flying skull comes into view.
A wolf comes into view.
You hear a howl!
There is an open door here.
The bullfrog gives a loud, deep croak!
The wolf howls!
A wolf comes into view.
The flying skull hits you.
There is an open door here.
The flying skull barely misses you.
A red film seems to cover your vision as you go berserk!
You feel yourself moving faster!
You feel mighty! The flying skull closely misses you.
You sock the flying skull!
The flying skull is severely damaged.
The flying skull misses you.
The flying skull hits you but does no damage.
You barely miss the flying skull.
The flying skull is severely damaged.
The flying skull hits you.
You miss the flying skull.
The flying skull is severely damaged.
The flying skull hits you. x2
You miss the flying skull.
Your tail-slap misses the flying skull.
The flying skull is severely damaged.
The flying skull hits you!
You die...

##########.##.....
#...........'.....
#'#####'#####.....
#.#..#...'.##.....
#.#..#...#.#####'#
#.#..#####)##.....
#.#..'...#.##.....
#.#..'.).'.##.....
#@#.)########...<.
#z#..'[))).##.....
#F#..#[))..##.....
#h###########.....
#hh.F...# ######
#..#.#h.# #.## #
#.. #.#


You could see a black bear, 2 wolves, a bullfrog and a flying skull.

Vanquished Creatures
  An adder zombie (D)
  An orc (D)
  An endoplasm (D)
  A goblin (D)
  A hobgoblin (D)
  A quokka (D)
  A ball python (D)
  A frilled lizard (D)
  A kobold (D)
9 creatures vanquished.

Notes
Turn   | Place    | Note
-------+----------+-------------------------------------------
     0 | D        | rocky1 the Draconian Ice Elementalist began the quest for
                  | the Orb.
     0 | D        | Reached XP level 1. HP: 14/14 MP: 3/3
    61 | D        | Found a bloodstained altar of Trog.
    61 | D        | Found a shimmering blue altar of Sif Muna.
    61 | D        | Found a viscous altar of Jiyva.
    61 | D        | Found a hazy altar of Hepliaklqana.
    61 | D        | Found an opulent altar of Gozag.
    88 | D        | Found a glowing golden altar of the Shining One.
    88 | D        | Found a glowing silver altar of Zin.
    88 | D        | Found a basalt altar of Yredelemnul.
    88 | D        | Found a shimmering altar of Xom.
    88 | D        | Found an ornate altar of the Wu Jian Council.
    88 | D        | Found a sacrificial altar of Ru.
    88 | D        | Found a stormy altar of Qazlal.
    88 | D        | Found an iron altar of Okawaru.
    88 | D        | Found a sparkling altar of Nemelex Xobeh.
    88 | D        | Found a burning altar of Makhleb.
    88 | D        | Found a blossoming altar of Fedhas.
    88 | D        | Found a white marble altar of Elyvilon.
    88 | D        | Found a shadowy altar of Dithmenos.
    88 | D        | Found a snail-covered altar of Cheibriados.
    90 | D        | Found a radiant altar of Vehumet.
    90 | D        | Found a corrupted altar of Lugonu.
    91 | D        | Found a hide-covered altar of Uskayaw.
    91 | D        | Found an ancient bone altar of Kikubaaqudgha.
    91 | D        | Found a broken altar of Ashenzari.
    99 | D        | Became a worshipper of Sif Muna the Loreminder
   160 | D        | Reached * piety under Sif Muna
   161 | D        | Reached skill level 5 in Ice Magic
   165 | D        | Reached XP level 2. HP: 13/20 MP: 3/5
   383 | D        | Reached ** piety under Sif Muna
   536 | D        | Noticed a bullfrog
   536 | D        | Noticed a black bear
   542 | D        | Noticed a flying skull
   542 | D        | Noticed a wolf
   544 | D        | Noticed a wolf
   552 | D        | Slain by a flying skull

Illustrated notes

Levels and vault maps discovered:
D:        pitsprint [storerooms_1, entrance_room_1, metal_vault_3, armoury_2,
          mini_pit_1, grid_room_1, main_hall_1, silver_pit, the_coven_1,
          the_vestibule_1, steel_vault_2, golden_pit, hallway_of_sentries,
          crystal_vault_5, iron_vault_4, final_vault]

Skill      XL: |  1 |
---------------+----+-----
Dodging        | 2 |  2.6
Ice Magic      | 5 |  5.2
Stealth        | |  1.8
Spellcasting   | |  2.9

Action                   || total
-------------------------++-------
Melee: Quarterstaff      ||    15
 Cast: Freeze            ||    12
  Use: Potion            ||     1
 Stab: Sleeping          ||     1
Armor: Skin              ||     5
Dodge: Dodged            ||    16

Table legend: (Time is in decaauts)
 A = Elapsed time spent in this place.
 B = Non-inter-level travel time spent in this place.
 C = Inter-level travel time spent in this place.
 D = Time resting spent in this place.
 E = Time spent auto-exploring this place.
 F = Levels seen in this place.
 G = Mean time per level.
                   A        B        C        D        E       F      G
               +--------+--------+--------+--------+--------+-----+--------+
         Total |    554 |    538 |     16 |    341 |      0 |   1 |  554.0 |
       Dungeon |    554 |    538 |     16 |    341 |      0 |   1 |  554.0 |
               +--------+--------+--------+--------+--------+-----+--------+

Top non-repeatable levels by time:
       D: 554 daAuts
